 Dungeon Crawl Stone Soup version 0.29.1-1-gd02db69 (webtiles) character file.

Game seed: 5030027553379174794

9282 Torien the Destroyer (level 11, -1/60 HPs)
             Began as a Tengu Conjurer on Apr 21, 2023.
             Was a Believer of Uskayaw.
             Killed by divine providence
             ... invoked by a smoke demon
             ... summoned by a kobold demonologist
              (13 damage)
             ... on level 10 of the Dungeon.
             The game lasted 01:51:25 (16258 turns).

Torien the Destroyer (Tengu Conjurer)              Turns: 16258, Time: 01:51:25

Health: -1/60      AC: 14    Str: 11    XL:     11   Next: 44%
Magic:  11/23      EV: 18    Int: 20    God:    Uskayaw [**....]
Gold:   687        SH:  5    Dex: 12    Spells: 17/24 levels left

rFire   . . .      SeeInvis .   P - +5 great sword (venom)
rCold   . . .      Faith    .   (shield currently unavailable)
rNeg    . . .      Spirit   .   G - +4 ring mail
rPois   .          Reflect  +   Y - +0 hat
rElec   .          Harm     .   C - +2 cloak
rCorr   .          Rampage  .   l - +0 pair of gloves
Will    .....                   (boots unavailable)
Stlth   ++........              d - amulet of reflection
HPRegen 0.20/turn               D - +4 ring of evasion
MPRegen 0.18/turn               (no ring)

@: about to teleport, flying quickly and evasively, quick
A: beak, talons 3, nimble flight
a: Renounce Religion, Stomp, Line Pass


You were on level 10 of the Dungeon.
You worshipped Uskayaw.
Uskayaw was noncommittal.
You visited 1 branch of the dungeon, and saw 10 of its levels.

You collected 687 gold pieces.

Inventory:

Hand Weapons
 A - a +2 vorpal dire flail
 H - a +3 whip of draining
 M - a +2 hand axe of venom
 P - a +5 great sword of venom (weapon)
 Q - a +4 flail
 R - a +3 whip of electrocution
 V - a -1 demon whip of venom
Missiles
 h - 28 poisoned darts
 k - 3 throwing nets
 r - 2 datura-tipped darts
 I - 3 boomerangs
 U - a curare-tipped dart
Armour
 l - a +0 pair of gloves (worn)
 B - a +2 robe of willpower
 C - a +2 cloak (worn)
 G - a +4 ring mail (worn)
 Y - a +0 hat (worn)
Jewellery
 d - an amulet of reflection (around neck)
 u - a ring of protection from cold
 D - a +4 ring of evasion (left hand)
Wands
 e - a wand of polymorph (6)
 t - a wand of acid (5)
 y - a wand of digging (5)
 J - a wand of mindburst (11)
 K - a wand of roots (2)
 Z - a wand of flame (13)
Scrolls
 a - a scroll of summoning
 j - a scroll of identify
 p - 2 scrolls of fear
 q - 4 scrolls of teleportation
 s - 4 scrolls of immolation
 L - 2 scrolls of vulnerability
 W - a scroll of silence
 X - 2 scrolls of butterflies
Potions
 b - a potion of magic
 c - a potion of attraction {unknown}
 f - 2 potions of lignification
 g - a potion of berserk rage {unknown}
 i - 2 potions of flight {unknown}
 m - 2 potions of invisibility
 n - 2 potions of haste
 o - a potion of cancellation {unknown}
 w - 4 potions of curing
 x - a potion of degeneration {unknown}
 z - 3 potions of mutation {unknown}


   Skills:
 + Level 3.3 Fighting
 + Level 1.8(3.8) Short Blades
 + Level 5.2(5.4) Long Blades
 + Level 4.6 Maces & Flails
 + Level 2.2 Throwing
 + Level 5.1 Armour
 + Level 6.0 Dodging
 + Level 5.7 Stealth
 + Level 3.0 Shields
 + Level 1.0 Unarmed Combat
 + Level 7.4 Spellcasting
 + Level 13.0 Conjurations
 + Level 0.7 Hexes
 + Level 1.0 Summonings
 + Level 0.3 Ice Magic
 + Level 2.2 Evocations


You had 17 spell levels left.
You knew the following spells:

 Your Spells              Type           Power      Damage    Failure   Level
a - Magic Dart            Conj           100%       1d8       1%          1
b - Searing Ray           Conj           100%       2d8       1%          2
c - Summon Small Mammal   Summ           44%        N/A       13%         1
d - Summon Guardian Gole  Hex/Summ       10%        N/A       38%         3

Your spell library contained the following spells:

 Spells                   Type           Power      Damage    Failure   Level
 Dazzling Flash           Conj/Hex       68%        N/A       3%          3
 Fulminant Prism          Conj/Hex       17%        3d11      12%         4
 Iskenderun's Mystic Bla  Conj/Tloc      33%        2d8       14%         4
 Beastly Appendage        Tmut           14%        N/A       21%         1
 Sting                    Tmut/Pois      28%        1d4       21%         1
 Ensorcelled Hibernation  Hex/Ice        18%        N/A       24%         2
 Passwall                 Tmut/Erth      5%         N/A       30%         2
 Poisonous Vapours        Pois/Air       14%        N/A       30%         2
 Wereblood                Tmut           7%         N/A       30%         2
 Call Canine Familiar     Summ           11%        N/A       36%         3
 Tukima's Dance           Hex            10%        N/A       41%         3
 Portal Projectile        Hex/Tloc       16%        N/A       45%         3
 Spider Form              Tmut/Pois      7%         N/A       52%         3
 Swiftness                Air            7%         N/A       52%         3
 Cause Fear               Hex            5%         N/A       83%         4
 Olgreb's Toxic Radiance  Pois           7%         N/A       89%         4
 Starburst                Conj/Fire      16%        6d6       91%         6
 Blade Hands              Tmut           3%         N/A       99%         5
 Dragon Form              Tmut           3%         N/A       100%        7
 Dragon's Call            Summ           5%         N/A       100%        9


Dungeon Overview and Level Annotations

Branches:
Dungeon (10/15)            Temple (0/1) D:6
   Lair: D:8-11         Orc: D:9-12

Altars:
Dithmenos
Trog
Uskayaw
Xom
Yredelemnul


Innate Abilities, Weirdness & Mutations

You have a beak for a mouth.
You have claws for feet.
Your magical nature lets you fly swiftly and evasively.


Message History

The barbed spikes dig painfully into your body as you move.
* * * LOW HITPOINT WARNING * * *
The shadow imp hits your guardian golem.
Flame seeps out of your guardian golem.
The red devil hits your guardian golem with a +0 trident!
Your guardian golem disappears in a puff of smoke!
Your guardian golem explodes!
The fiery explosion engulfs the shadow imp!!!
The shadow imp dies!
The shadow imp disappears in a puff of smoke!
The fiery explosion engulfs the kobold demonologist.
The fiery explosion engulfs the red devil.
The red devil completely resists.
The fiery explosion engulfs the shadow imp!!!
The shadow imp dies!
The shadow imp disappears in a puff of smoke!
Unknown command.
The barbed spikes dig painfully into your body as you move.
* * * LOW HITPOINT WARNING * * *
The kobold demonologist is engulfed in blazing flames.
The kobold demonologist looks encouraged for a moment.
As you read the scroll of teleportation, it crumbles to dust.
You feel strangely unstable.
The kobold demonologist looks satisfied for a moment.
Aiming: Searing Ray (safe; 1% risk of failure)
Press: ? - help, Q - select action, (/) - cycle Shift-Dir - straight line, f - kobold demonologist, p - kobold demonologist
Aim: a kobold demonologist, wielding a +0 dagger and wearing a +0 robe (moderately wounded, 76% to hit)
The searing ray hits the kobold demonologist!
The kobold demonologist is severely wounded.
The searing ray hits the red devil.
The red devil is moderately wounded.
The searing ray hits the quasit!
The quasit is heavily wounded. (Press . to maintain the ray.)
You carefully extract the barbed spikes from your body.
The kobold demonologist casts a spell.
The kobold demonologist is engulfed in blazing flames.
The kobold demonologist casts a spell.
The smoke demon gestures at you. Something smites you!
You die...

+.# ...# #.# ...##.# ###
#.# K53.(
...#####.##44#### #+# +.
#.......§K5.#..##..# #.
#..#....§4§.#......#..
#.##..#.....##.#......#.#.
#.....#...K.##.#......#.#.
#.....#..@..5..#..#'###.#.
#..............#..#.......
#....#####.....#..#.##....
#....#...###'###..#.##....
#....#............#.......
#....#..(.........#####.##
#..#.######...........#.##
#..#......#..#######..#...
#......##.#..# .#...


You could see an orange demon (summoned), a hellwing (summoned), 3 kobold
demonologists, a smoke demon (summoned), a red devil (summoned), a quasit
(summoned), a white imp (summoned) and a shadow imp (summoned).

Vanquished Creatures
  Gastronok (D:8)
  Amaemon (D:8)
  Pikel (D:5)
  Maurice (D:8)
  An orange demon (D:8)
  Maggie (D:8)
  An unseen horror (D:9)
  A troll (D:9)
  Grinder (D:4)
  Sigmund (D:5)
  3 yaks (D:9)
  Eustachio (D:4)
  The ghost of geeeeen the Vexing, an amateur FeEn (D:4)
  A steam dragon (D:9)
  Menkaure (D:5)
  4 water moccasins
  An acid dragon (D:9)
  Duvessa (D:4)
  An orc warrior (D:10)
  3 ogres
  An ice beast (D:7)
  3 sky beasts
  6 centaurs
  3 lemures (D:5)
  4 kobold brigands
  Blork the orc (D:5)
  2 bullfrogs (D:8)
  A necrophage (D:5)
  4 scorpions
  10 wights
  Dowan (D:4)
  3 electric eels (D:6)
  4 howler monkeys
  2 jellies (D:5)
  2 hounds (D:6)
  6 orc priests
  3 iguanas
  Natasha (thrice) (D:4)
  10 orc wizards
  Robin (D:4)
  11 adders
  13 gnolls
  A shadow imp (D:8)
  2 white imps
  An ufetubus (D:6)
  2 dart slugs
  33 orcs
  4 endoplasms
  10 giant cockroaches
  14 goblins
  14 hobgoblins
  6 jackals
  4 quokkas
  7 ball pythons
  5 bats
  4 frilled lizards (D:1)
  17 kobolds
  5 rats
250 creatures vanquished.

Vanquished Creatures (others)
  18 plants (D:6)
18 creatures vanquished.

Grand Total: 268 creatures vanquished

Notes
Turn   | Place    | Note
-------+----------+-------------------------------------------
     0 | D:1      | Torien the Tengu Conjurer began the quest for the Orb.
     0 | D:1      | Reached XP level 1. HP: 10/10 MP: 4/4
    57 | D:1      | You fall into a shaft and drop 1 floor!
    81 | D:2      | Reached XP level 2. HP: 15/15 MP: 0/6
    84 | D:2      | Learned a level 2 spell: Searing Ray
   181 | D:2      | Reached skill level 6 in Conjurations
   552 | D:1      | Reached XP level 3. HP: 19/19 MP: 3/7
  1323 | D:2      | Learned a level 1 spell: Summon Small Mammal
  1522 | D:2      | Reached XP level 4. HP: 24/24 MP: 5/9
  1958 | D:2      | Found a faded altar of an unknown god.
  2069 | D:3      | Gained mutation: Your magical nature lets you fly swiftly
                  | and evasively. [Tengu growth]
  2069 | D:3      | Reached XP level 5. HP: 10/28 MP: 3/10
  2352 | D:3      | Reached skill level 7 in Conjurations
  2668 | D:3      | HP: 1/28 [something (1)]
  2670 | D:3      | Reached XP level 6. HP: 2/32 MP: 1/12
  3366 | D:4      | Noticed Natasha
  3369 | D:4      | Killed Natasha
  3370 | D:4      | Reached skill level 8 in Conjurations
  3402 | D:4      | Found a runed translucent door.
  3402 | D:4      | Noticed geeeeen's ghost (amateur FeEn)
  3768 | D:4      | Noticed Natasha
  3802 | D:4      | Killed Natasha
  3829 | D:4      | Noticed Natasha
  3833 | D:4      | Killed Natasha
  4056 | D:4      | Reached XP level 7. HP: 36/36 MP: 11/14
  4067 | D:4      | Noticed Robin
  4091 | D:4      | Killed Robin
  4181 | D:4      | Found a shadowy altar of Dithmenos.
  4237 | D:4      | Noticed Grinder
  4244 | D:4      | Paralysed by Grinder for 2 turns
  4252 | D:4      | Killed Grinder
  4253 | D:4      | Reached skill level 9 in Conjurations
  4358 | D:4      | Learned a level 3 spell: Summon Guardian Golem
  4361 | D:4      | Learned a level 2 spell: Ensorcelled Hibernation
  4421 | D:4      | Reached skill level 5 in Spellcasting
  4770 | D:4      | Noticed Eustachio
  4780 | D:4      | Killed Eustachio
  4781 | D:4      | Reached XP level 8. HP: 32/42 MP: 5/16
  4905 | D:4      | Noticed Duvessa
  4905 | D:4      | Noticed Dowan
  4913 | D:4      | Killed Duvessa
  4915 | D:4      | Killed Dowan
  4916 | D:4      | Reached skill level 10 in Conjurations
  5360 | D:4      | Found a basalt altar of Yredelemnul.
  5516 | D:4      | Killed geeeeen's ghost
  5578 | D:5      | Entered Level 5 of the Dungeon
  5578 | D:5      | Noticed Blork the orc
  5584 | D:5      | Killed Blork the orc
  5585 | D:5      | Reached skill level 1 in Short Blades
  5714 | D:5      | Noticed Menkaure
  5719 | D:5      | Killed Menkaure
  5720 | D:5      | Reached skill level 1 in Fighting
  5720 | D:5      | Reached skill level 1 in Long Blades
  5720 | D:5      | Reached skill level 1 in Throwing
  6192 | D:5      | Reached skill level 11 in Conjurations
  6279 | D:5      | Found a bloodstained altar of Trog.
  6286 | D:5      | Reached XP level 9. HP: 47/47 MP: 13/18
  6338 | D:5      | Noticed Pikel
  6340 | D:5      | Noticed Sigmund
  6359 | D:5      | Killed Pikel
  6361 | D:5      | Killed Sigmund
  7888 | D:6      | Reached skill level 1 in Maces & Flails
  8031 | D:6      | Reached skill level 12 in Conjurations
  8089 | D:6      | Reached skill level 1 in Armour
  8485 | D:6      | Reached skill level 5 in Stealth
  8540 | D:6      | Reached skill level 1 in Shields
  8806 | D:6      | Found a hide-covered altar of Uskayaw.
  8816 | D:6      | Became a worshipper of Uskayaw the Reveller
  8840 | D:6      | Found a shimmering altar of Xom.
  9087 | D:6      | Reached * piety under Uskayaw
  9088 | D:6      | Reached XP level 10. HP: 46/53 MP: 15/21
  9092 | D:6      | Reached ** piety under Uskayaw
  9094 | D:6      | Reached *** piety under Uskayaw
  9184 | D:6      | Found a staircase to the Ecumenical Temple.
  9906 | D:7      | Found a hide-covered altar of Uskayaw.
 10040 | D:7      | Reached **** piety under Uskayaw
 10438 | D:8      | Noticed Maurice
 10457 | D:8      | Killed Maurice
 10458 | D:8      | Reached skill level 1 in Unarmed Combat
 10827 | D:8      | Reached ***** piety under Uskayaw
 11268 | D:8      | Noticed Maggie
 11276 | D:8      | Killed Maggie
 11286 | D:8      | Noticed Amaemon
 11286 | D:8      | Noticed an orange demon
 11296 | D:8      | Noticed Gastronok
 11305 | D:8      | Killed Amaemon
 11306 | D:8      | Reached skill level 5 in Dodging
 11659 | D:8      | Killed an orange demon
 12277 | D:8      | Killed Gastronok
 12278 | D:8      | Reached skill level 1 in Evocations
 12278 | D:8      | Reached XP level 11. HP: 35/60 MP: 9/22
 15394 | D:9      | Reached skill level 5 in Armour
 15394 | D:9      | Reached skill level 13 in Conjurations
 15397 | D:9      | Reached skill level 5 in Long Blades
 15397 | D:9      | Reached skill level 1 in Summonings
 15875 | D:10     | Entered Level 10 of the Dungeon
 16258 | D:10     | Killed from afar by a smoke demon

Illustrated notes

Levels and vault maps discovered:
D:1:      minmay_arrival_cross, layout_basic
D:2:      layout_loops_cross, shapermc_ecumenical_altar_acropolis, st_stairs_1,
          minmay_tromino_v2
D:3:      layout_rooms
D:4:      layout_loops_corners, amcnicky_altar_gilded,
          grunt_dithmenos_smoke_and_mirrors, hellmonk_ghost_happy_afterlife,
          uniq_natasha, uniq_eustachio, uniq_duvessa, uniq_robin, uniq_grinder
D:5:      layout_layer_cave, mainiacjoe_overflow_surrounded_room,
          kennysheep_generic_room_16, uniq_sigmund, uniq_pikel, uniq_menkaure,
          uniq_blork_the_orc
D:6:      corexii_shack_village, layout_basic, mainiacjoe_overflow_two_lobes,
          temple_fountains, kb_lookout_dungeons_type, serial_bayou_lake_a
D:7:      layout_cave_pools, serial_park, serial_park_paths
          [serial_park_minivault_5x5_4], serial_park_square2,
          serial_park_tiny_2, serial_park_tiny_1
D:8:      layout_basic, uniq_maggie, uniq_maurice, uniq_amaemon, uniq_gastronok
D:9:      layout_irregular_city
D:10:     layout_stronghold, minmay_orc_entry_temple_small,
          minmay_quadrilaterals

Skill      XL: |  1  2  3  4  5  6  7  8  9 10 11 |
---------------+----------------------------------+-----
Conjurations   | 6 7 8 9 11 12 13 | 13.0
Spellcasting   | 3 4 5 6 7 |  7.4
Stealth        | 3 4 5 |  5.7
Short Blades   | 1 |  1.8
Fighting       | 1 2 3 |  3.3
Long Blades    | 1 2 4 5 |  5.2
Throwing       | 1 2 |  2.2
Dodging        | 3 4 5 6 |  6.0
Maces & Flails | 2 4 |  4.6
Armour         | 2 4 5 |  5.1
Shields        | 1 2 3 |  3.0
Unarmed Combat | 1 |  1.0
Evocations     | 1 2 |  2.2
Summonings     | 1 |  1.0
Hexes          | |  0.7
Ice Magic      | |  0.3

Action                   |  1- 3 |  4- 6 |  7- 9 | 10-12 || total
-------------------------+-------+-------+-------+-------++-------
Melee: Unarmed           |     6 |       |       |     2 ||     8
       Peck              |     2 |       |     8 |    14 ||    24
       Dagger            |     8 |       |       |       ||     8
       Kick              |     3 |     1 |    29 |    29 ||    62
       Short sword       |       |     3 |     9 |       ||    12
       Falchion          |       |       |    14 |       ||    14
       Dire flail        |       |       |    50 |    45 ||    95
       Whip              |       |       |       |    18 ||    18
       Great sword       |       |       |       |    34 ||    34
       Punch             |       |       |       |     1 ||     1
Throw: Dart              |       |     5 |       |    13 ||    18
 Cast: Magic Dart        |    46 |    68 |    81 |    43 ||   238
       Searing Ray       |     1 |    13 |    51 |    48 ||   113
       Summon Small Mamm |       |       |     1 |     2 ||     3
       Summon Guardian G |       |       |       |     3 ||     3
Invok: Stomp             |       |       |       |     9 ||     9
       Line Pass         |       |       |       |     1 ||     1
Evoke: Wand              |       |       |       |    16 ||    16
  Use: Scroll            |       |     1 |     1 |    19 ||    21
       Potion            |       |       |       |     1 ||     1
 Stab: Sleeping          |       |       |     3 |     1 ||     4
       Paralysed         |       |       |       |    10 ||    10
Armor: Leather armour    |     1 |       |       |       ||     1
       Robe              |       |     3 |     5 |       ||     8
       Ring mail         |       |       |    13 |    78 ||    91
       Skin              |       |       |       |     2 ||     2
Dodge: Dodged            |    15 |    20 |    66 |   160 ||   261
Block: Other             |       |     2 |    19 |    56 ||    77
       Reflection        |       |     2 |     2 |     5 ||     9
